 Dungeon Crawl Stone Soup version 0.28.0 (webtiles) character file.

Game seed: 17070502816878048365

145 Anothat the Shield-Bearer (level 5, -4/42 HPs)
             Began as a Formicid Fighter on Feb 12, 2022.
             Slain by Natasha (6 damage)
             ... on level 2 of the Dungeon.
             The game lasted 00:01:36 (1141 turns).

Anothat the Shield-Bearer (Formicid Fighter)        Turns: 1141, Time: 00:01:36

Health: -4/42      AC:  6    Str: 22    XL:     5   Next: 53%
Magic:  5/5        EV:  9    Int:  8    God:
Gold:   23         SH:  4    Dex: 10    Spells: 4/4 levels left

rFire   . . .      SeeInvis +   a - +0 war axe
rCold   . . .      Faith    .   c - +0 buckler
rNeg    . . .      Spirit   .   b - +0 scale mail
rPois   .          Reflect  .   (helmet unavailable)
rElec   .          Harm     .   (no cloak)
rCorr   +          Rampage  .   (no gloves)
Will    .....                   (no boots)
Stlth   ..........              (no amulet)
HPRegen 0.14/turn               m - ring of resist corrosion
MPRegen 0.09/turn               (no ring)

@: mighty
A: permanent stasis, dig shafts and tunnels, antennae 3, four strong arms
a: Dig, Shaft Self


You were on level 2 of the Dungeon.
You visited 1 branch of the dungeon, and saw 2 of its levels.

You collected 23 gold pieces.

Inventory:

Hand Weapons
 a - a +0 war axe (weapon)
Armour
 b - a +0 scale mail (worn)
 c - a +0 buckler (worn)
Jewellery
 m - a ring of resist corrosion (left hand)
Scrolls
 e - a scroll of identify {unknown}
 f - a scroll of teleportation {unknown}
 h - a scroll of fear {unknown}
 i - a scroll of torment {unknown}
 k - a scroll of brand weapon {unknown}
 l - 2 scrolls of amnesia {unknown}
Potions
 g - a potion of haste {unknown}
 j - a potion of curing {unknown}
 n - a potion of degeneration {unknown}
 o - a potion of mutation {unknown}


   Skills:
 + Level 4.2 Fighting
 * Level 4.0 Axes
 - Level 3.2 Armour
 + Level 4.6 Shields


You had 4 spell levels left.
You didn't know any spells.
Your spell library contained the following spells:

 Spells                   Type           Power      Damage    Failure   Level
 Corpse Rot               Necr/Air       0%         N/A       91%         2
 Dispel Undead            Necr           0%         3d6       100%        4
 Death Channel            Necr           0%         N/A       100%        6


Dungeon Overview and Level Annotations

Branches:
Dungeon (2/15)

Altars:

Annotations:
D:2 Natasha


Innate Abilities, Weirdness & Mutations

You cannot be hasted, slowed, berserked, paralysed or teleported.
You can dig through walls and to a lower floor.
You have a pair of large antennae on your head. (SInv)
Your four strong arms can wield two-handed weapons with a shield.


Message History

The orc is almost dead.
You hit the orc wizard.
You kill the orc wizard!
You block the orc's attack. The orc hits you with a +0 short sword.
You have reached level 5!
You slash the orc!
You kill the orc!
You closely miss the orc. The orc completely misses you.
You slash the orc!
You kill the orc!
You block the orc priest's attack.
Items here: )) [ †.
You barely miss the orc priest. You block the orc priest's attack.
You slash the orc priest!
The orc priest is almost dead.
You block the orc priest's attack.
The orc priest calls down the wrath of Beogh upon you.
Beogh smites you!
You slash the orc priest!
You kill the orc priest!
Your Axes skill increases to level 4!
You see here a +0 dagger.
You start resting.
Natasha, Servant of Life and Death comes into view.
Natasha is nearby!
Natasha is nearby!
You aren't carrying any items that you can evoke.
Natasha hisses angrily.
Natasha stares at you and mumbles some strange words.
The magic dart hits you!
You start resting.
Natasha is nearby!
Natasha claws you.
* * * LOW HITPOINT WARNING * * *
You closely miss Natasha. Natasha claws you.
* * * LOW HITPOINT WARNING * * *
You barely miss Natasha. Natasha claws you.
* * * LOW HITPOINT WARNING * * *
Natasha claws you.
You die...

#.........#
################.#######.#
<..............>.#######.#
.##.###########........#.#
.†....# ####..#####.#.#
....#.# ####......#.##.#.#
..#...###........).....#.#
.................)######.#
###.########.###@.)......#
#..†.....#+###h.####...#
####.......................
#........###..#.......#.#
#........# #..#.8...8.#
#.....h..# #..#.......#
+........# #..#.......#
#..).....# #..#.......#
#......(.# ..#


You could see Natasha.

Vanquished Creatures
  An orc priest (D:2)
  Natasha (D:2)
  An orc wizard (D:2)
  2 gnolls (D:1)
  2 dart slugs (D:1)
  3 orcs (D:2)
  5 ball pythons
  3 bats (D:1)
  An endoplasm (D:1)
  A goblin (D:1)
  4 hobgoblins (D:1)
  4 jackals (D:1)
  A frilled lizard (D:1)
  6 kobolds (D:1)
  3 rats (D:1)
38 creatures vanquished.

Vanquished Creatures (others)
  A fungus (D:2)
1 creature vanquished.

Grand Total: 39 creatures vanquished

Notes
Turn   | Place    | Note
-------+----------+-------------------------------------------
     0 | D:1      | Anothat the Formicid Fighter began the quest for the Orb.
     0 | D:1      | Reached XP level 1. HP: 18/18 MP: 1/1
   148 | D:1      | Reached XP level 2. HP: 22/24 MP: 2/2
   153 | D:1      | Reached XP level 3. HP: 28/29 MP: 3/3
   663 | D:1      | Reached XP level 4. HP: 37/37 MP: 4/4
  1042 | D:2      | Noticed Natasha
  1057 | D:2      | Killed Natasha
  1122 | D:2      | Reached XP level 5. HP: 30/42 MP: 5/5
  1133 | D:2      | Noticed Natasha
  1141 | D:2      | HP: 2/42 [Natasha (5)]
  1141 | D:2      | Slain by Natasha

Illustrated notes

Levels and vault maps discovered:
D:1:      dpeg_arrival_prison, layout_basic, minmay_pentomino_r4
D:2:      cheibrodos_pilgrimage, layout_basic, basic_altar,
          kennysheep_generic_room_12, uniq_natasha, uniq_crazy_yiuf_cottage

Skill      XL: |  1  2  3  4  5 |
---------------+----------------+-----
Shields        | 4 |  4.6
Axes           | 3 4 |  4.0
Fighting       | 4 |  4.2
Armour         | |  3.2

Action                   |  1- 3 |  4- 6 || total
-------------------------+-------+-------++-------
Melee: War axe           |    59 |    48 ||   107
  Use: Potion            |     1 |     2 ||     3
Armor: Scale mail        |    48 |    17 ||    65
Dodge: Dodged            |    32 |    22 ||    54
Block: Buckler           |    18 |    13 ||    31
